AoeStats
← 九天之外

Arena

509165197Analyzed
1v1 RM · 8d ago on Sep 25, 2026· 30m 36s· 2 players
Game mode
Random Map
Map size
Tiny (2 player)
Population
200
Speed
Normal
Resources
Standard
Victory
Conquest
Starting age
Dark Age
Ending age
Imperial Age
RankedLock teamsTeams togetherTeam positionsShared explorationLock speedFull tech treeHidden civsTurbo modeCheats
Victory
Defeat
🇨🇳 Danes · China
261
+11
🇭🇺 Bulgarians · Hungary
160
-11
Situ00
9:09 Feudal Age
11:15 Double-Bit Axe
11:33 Horse Collar
18:10 Forging
18:00 Scale Mail Armor
18:08 Scale Barding Armor
19:25 Wheelbarrow
18:36 Loom
18:37 Town Watch
19:00 Arson
19:33 Gold Mining
19:34 Stone Mining
24:30 Castle Age
24:54 Bloodlines
25:06 Light Cavalry
25:13 Pikeman
26:25 Heavy Plow
27:06 Bow Saw
28:34 Iron Casting
30:14 Gambesons
九天之外
9:49 Feudal Age
10:31 Double-Bit Axe
10:45 Horse Collar
14:16 Gold Mining
14:48 Stone Mining
18:17 Castle Age
17:54 Forging
17:44 Scale Mail Armor
18:05 Arson
19:17 Heavy Plow
26:45 Wheelbarrow
26:27 Hamask
27:49 Iron Casting
27:29 Chain Mail Armor
30:32 Hand Cart
30:28 Town Watch
Connection lost

Rejoining the realm…

Still unreachable

The connection could not be restored.

Session expired

The server has moved on; the page needs a fresh start.